 Dungeon Crawl Stone Soup version 0.30-a0-953-g5f1da4a474 (webtiles) character file.

Game seed: 17205283218184609402

52 NotreDorf the Ducker (level 3, 0/28 HPs)
             Began as a Merfolk Gladiator on Mar 29, 2023.
             Slain by a worm (10 damage)
             ... on level 2 of the Dungeon.
             The game lasted 00:02:12 (963 turns).

NotreDorf the Ducker (Merfolk Gladiator)             Turns: 963, Time: 00:02:12

Health: 0/28       AC:  4    Str: 14    XL:     3   Next: 85%
Magic:  4/4        EV: 14    Int:  7    God:
Gold:   68         SH:  0    Dex: 17    Spells: 4/4 levels left

rFire   . . .      SeeInvis .    a - +0 long sword
rCold   . . .      Faith    .    (no shield)
rNeg    . . .      Spirit   .    b - +0 leather armour
rPois   .          Reflect  .    c - +0 helmet
rElec   .          Rampage  .    (no cloak)
rCorr   .                        (no gloves)
Will    .....                    (no boots)
Stlth   +                        (no amulet)
HPRegen 0.24/turn                (no ring)
MPRegen 0.09/turn                (no ring)

@: no status effects
A: (nimble swimmer 2), mertail
a: no special abilities


You were on level 2 of the Dungeon.
You visited 1 branch of the dungeon, and saw 2 of its levels.

You collected 68 gold pieces.

Inventory:

Hand Weapons
 a - a +0 long sword (weapon)
Missiles
 d - 3 throwing nets (quivered)
 e - a javelin
Armour
 b - a +0 leather armour (worn)
 c - a +0 helmet (worn)
Scrolls
 i - a scroll of teleportation {unknown}
 j - a scroll of noise {unknown}
 l - a scroll of blinking {unknown}
Potions
 f - 2 potions of flight {unknown}
 g - a potion of ambrosia {unknown}
 h - a potion of mutation {unknown}
 k - 2 potions of lignification {unknown}


   Skills:
 + Level 2.9 Fighting
 + Level 4.2 Long Blades
 - Level 2.0 Throwing
 + Level 4.6 Dodging
 + Level 1.3 Spellcasting


You had 4 spell levels left.
You didn't know any spells.
Your spell library was empty.

Dungeon Overview and Level Annotations

Branches:
Dungeon (2/15)

Altars:


Innate Abilities, Weirdness & Mutations

((You are very nimble when in or above water. (Stealth+, EV+, Speed+++)))
Your lower body shifts to a powerful aquatic tail in water.


Message History

The giant cockroach bites you but does no damage.
You hit the giant cockroach but do no damage.
The giant cockroach barely misses you.
You hit the giant cockroach.
The giant cockroach is heavily wounded.
The giant cockroach barely misses you.
The giant cockroach bites you but does no damage.
You slash the giant cockroach!
You kill the giant cockroach!
A ball python comes into view.
The worm misses you.
Things that are here:
a giant cockroach corpse; an adder corpse You hit the worm but do no damage.
The worm barely misses you.
You hit the worm.
The worm is moderately wounded.
The ball python bites you but does no damage.
The ball python grabs you. The ball python constricts you.
The ball python bites you. The ball python constricts you.
You hit the ball python but do no damage.
The ball python bites you. The ball python constricts you. The worm misses you.
You escape the ball python's grasp.
The ball python attacks as you move away!
The ball python bites you.
You slash the ball python!
You kill the ball python!
You start resting.
A worm is nearby!
You barely miss the worm.
The worm is lightly wounded.
The worm barely misses you.
You slash the worm!
The worm is heavily wounded.
You slash the worm!
The worm is almost dead.
The worm bites you.
You hit the worm.
The worm is almost dead.
The worm bites you!
You die...

#.........##
#....###.####
##.... #....#
......###....###
#..............#
#....###....#.#
#.............#
#......#####...#
#####.@#...#...#
#.#w$.# ....
#..#...# #. ##.
#### #. ##


You could see a worm.

Vanquished Creatures
  An adder (D:2)
  3 dart slugs (D:1)
  2 bats (D:1)
  3 endoplasms (D:1)
  3 giant cockroaches
  5 goblins
  A hobgoblin (D:1)
  4 jackals (D:1)
  4 ball pythons
  3 frilled lizards (D:1)
  3 kobolds
  3 rats
35 creatures vanquished.

Vanquished Creatures (others)
  8 toadstools (D:2)
8 creatures vanquished.

Grand Total: 43 creatures vanquished

Notes
Turn   | Place    | Note
-------+----------+-------------------------------------------
     0 | D:1      | NotreDorf the Merfolk Gladiator began the quest for the
                  | Orb.
     0 | D:1      | Reached XP level 1. HP: 16/16 MP: 1/1
    81 | D:1      | Reached XP level 2. HP: 23/23 MP: 2/2
   225 | D:1      | You fall into a shaft and drop 1 floor!
   318 | D:1      | Reached skill level 1 in Spellcasting
   318 | D:1      | Reached XP level 3. HP: 28/28 MP: 4/4
   963 | D:2      | Slain by a worm

Illustrated notes

Levels and vault maps discovered:
D:1:      minmay_arrival_doors, layout_loops_ring
D:2:      cheibrodos_fertilizer, layout_rooms, minmay_distorted, uniq_robin

Skill      XL: |  1  2 |
---------------+-------+-----
Long Blades    | 4 |  4.2
Spellcasting   | 1 |  1.3
Fighting       | |  2.9
Throwing       | |  2.0
Dodging        | |  4.6

Action                     || total
---------------------------++-------
  Melee: Long sword        ||    79
   Stab: Sleeping          ||     2
 Armour: Leather armour    ||    17
  Dodge: Dodged            ||    50

Table legend: (Time is in decaauts)
 A = Elapsed time spent in this place.
 B = Non-inter-level travel time spent in this place.
 C = Inter-level travel time spent in this place.
 D = Time resting spent in this place.
 E = Time spent auto-exploring this place.
 F = Levels seen in this place.
 G = Mean time per level.
                   A        B        C        D        E       F      G
               +--------+--------+--------+--------+--------+-----+--------+
         Total |    977 |    923 |     54 |     70 |    656 |   2 |  488.5 |
       Dungeon |    977 |    923 |     54 |     70 |    656 |   2 |  488.5 |
               +--------+--------+--------+--------+--------+-----+--------+

Top non-repeatable levels by time:
     D:1: 911 daAuts
     D:2: 66 daAuts
